 Dungeon Crawl Stone Soup version 0.28.0-55-gcd9437bce4 (webtiles) character file.

Game seed: 8708159814786621055

66 Atelerd the Digger (level 4, 0/27 HPs)
             Began as an Octopode Earth Elementalist on Jan 4, 2023.
             Killed from afar by Sigmund (9 damage)
             ... with a magic dart
             ... on level 3 of the Dungeon.
             The game lasted 00:01:31 (2255 turns).

Atelerd the Digger (Octopode Earth Elementalist)    Turns: 2255, Time: 00:01:32

Health: 0/27       AC:  1    Str:  7    XL:     4   Next: 15%
Magic:  7/8        EV: 13    Int: 19    God:
Gold:   71         SH:  0    Dex: 12    Spells: 7/8 levels left

rFire   . . .      SeeInvis .   j - +0 dagger (holy)
rCold   . . .      Faith    .   (no shield)
rNeg    . . .      Spirit   .   (helmet restricted)
rPois   .          Reflect  .   (no amulet)
rElec   .          Harm     .   (no ring)
rCorr   .          Rampage  .   (no ring)
Will    .....                   (no ring)
Stlth   ++........              (no ring)
HPRegen 0.09/turn               (no ring)
MPRegen 0.11/turn               (no ring)
                                (no ring)
                                (no ring)

@: confused
A: almost no armour, amphibious, 8 rings, camouflage 1, gelatinous body 1,
(nimble swimmer 1), tentacles
a: no special abilities


You were on level 3 of the Dungeon.
You visited 1 branch of the dungeon, and saw 3 of its levels.

You collected 71 gold pieces.

Inventory:

Hand Weapons
 a - a +0 dagger
 j - a +0 dagger of holy wrath (weapon)
Missiles
 b - 49 stones
Jewellery
 f - an amulet of the acrobat
Scrolls
 c - a scroll of teleportation {unknown}
 d - a scroll of immolation {unknown}
 e - 3 scrolls of identify {unknown}
 i - 2 scrolls of noise {unknown}
Potions
 g - a potion of curing {unknown}
 h - a potion of attraction {unknown}


   Skills:
 + Level 0.3 Fighting
 + Level 2.3 Dodging
 + Level 3.6 Stealth
 + Level 2.7 Spellcasting
 + Level 1.1 Transmutations
 + Level 3.6 Earth Magic


You had 7 spell levels left.
You knew the following spells:

 Your Spells              Type           Power      Damage    Failure   Level
a - Sandblast             Erth           32%        2d9       3%          1

Your spell library contained the following spells:

 Spells                   Type           Power      Damage    Failure   Level
 Passwall                 Tmut/Erth      9%         N/A       9%          2
 Beastly Appendage        Tmut           14%        N/A       10%         1
 Wereblood                Tmut           7%         N/A       14%         2
 Freeze                   Ice            8%         1d3       16%         1
 Stone Arrow              Conj/Erth      18%        3d8       22%         3
 Spider Form              Tmut/Pois      4%         N/A       36%         3
 Frozen Ramparts          Ice            4%         1d2       43%         3
 Petrify                  Tmut/Erth      11%        N/A       50%         4
 Hailstorm                Conj/Ice       2%         3d3       83%         4


Dungeon Overview and Level Annotations

Branches:
Dungeon (3/15)

Altars:

Annotations:
D:3 Sigmund


Innate Abilities, Weirdness & Mutations

You cannot wear most types of armour.
You are amphibious.
You can wear up to eight rings at the same time.
Your skin changes colour to match your surroundings (Stealth+).
Your rubbery body absorbs attacks. (AC +1, EV +1)
((You are camouflaged when in or above water. (Stealth+)))
You have tentacles for arms and can constrict up to eight enemies at once.


Message History

You add the spells Beastly Appendage, Wereblood and Spider Form to your library.
Key pressed, stopping explore.
No target in view!
Sigmund the Dreaded comes into view.
He is wielding a +0 scythe.
Sigmund is nearby!
Sigmund is nearby!
Sigmund is nearby!
Sigmund is nearby!
The helpless Sigmund fails to defend himself.
You hit Sigmund. You grab Sigmund.
Sigmund is lightly wounded.
You constrict Sigmund. Sigmund gestures at you while chanting.
The magic dart hits you.
You hit Sigmund. You squeeze Sigmund.
Sigmund is moderately wounded.
You constrict Sigmund. Sigmund hits you with a +0 scythe.
The blast of sand hits Sigmund.
Sigmund is heavily wounded.
You constrict Sigmund. Sigmund casts a spell at you.
You are confused.
You're too confused to cast spells.
You're too confused to cast spells.
You hit Sigmund but do no damage.
Sigmund is heavily wounded.
You constrict Sigmund, but do no damage.
Sigmund closely misses you.
You're too confused to move!
You constrict Sigmund.
You're too confused to move!
You constrict Sigmund, but do no damage.
Sigmund screams, "Only death can liberate you!"
Sigmund hits you with a +0 scythe!
You bump into the rock wall.
You constrict Sigmund. Sigmund hits you with a +0 scythe.
You bump into the rock wall.
You constrict Sigmund.
You bump into the rock wall.
You constrict Sigmund. Sigmund casts a spell at you. The magic dart hits you!
You die...

##.##
##### #.#
#...####
#.#
..#.<..#
#.#
#...##.#
#.# ##.##
# #.# #.#
#.# #.#
#.# ...
#@# ##<
.......@#
.#
.########
.#


You could see Sigmund.

Vanquished Creatures
  An adder (D:2)
  2 worms (D:2)
  A dart slug (D:1)
  5 endoplasms
  9 giant cockroaches (D:1)
  4 goblins
  2 hobgoblins
  5 quokkas
  3 ball pythons (D:2)
  A bat (D:1)
  2 frilled lizards
  5 kobolds
  5 rats
45 creatures vanquished.

Notes
Turn   | Place    | Note
-------+----------+-------------------------------------------
     0 | D:1      | Atelerd the Octopode Earth Elementalist began the quest for
                  | the Orb.
     0 | D:1      | Reached XP level 1. HP: 11/11 MP: 3/3
   272 | D:1      | Reached XP level 2. HP: 17/17 MP: 3/5
   848 | D:1      | Reached XP level 3. HP: 21/21 MP: 4/6
  1644 | D:2      | Reached XP level 4. HP: 16/27 MP: 2/8
  2240 | D:3      | Noticed Sigmund
  2255 | D:3      | Killed from afar by Sigmund

Illustrated notes

Levels and vault maps discovered:
D:1:      co_arrival_two_rings, layout_basic, minmay_misc_feat_columns,
          hex_medium, minmay_misc_feat_chi, chequers_serial_rivers_micro_b,
          minmay_worlds_worst_comb
D:2:      layout_basic
D:3:      layout_loops_ring, uniq_sigmund, uniq_jessica, uniq_grinder

Skill      XL: |  1  2  3 |
---------------+----------+-----
Stealth        | 3 |  3.6
Fighting       | |  0.3
Dodging        | |  2.3
Spellcasting   | |  2.7
Transmutations | |  1.1
Earth Magic    | |  3.6

Action                   |  1- 3 |  4- 6 || total
-------------------------+-------+-------++-------
Melee: Dagger            |    36 |    11 ||    47
       Constrict         |     9 |     3 ||    12
       Tentacles         |     8 |     1 ||     9
       Punch             |     1 |       ||     1
 Cast: Sandblast         |    31 |     2 ||    33
 Stab: Sleeping          |     8 |     5 ||    13
Armor: Skin              |     1 |       ||     1
Dodge: Dodged            |    24 |     3 ||    27
